 Dungeon Crawl Stone Soup version 0.32-a0-163-g159c032296 (webtiles) character file.

Game seed: 3310329174051669885

7084 horus123 the Demonic Disaster (level 10, -4/71 HPs)
             Began as a Demonspawn Earth Elementalist on Feb 11, 2024.
             Was a Believer of Qazlal.
             Slain by a yak (9 damage)
             ... on level 10 of the Dungeon.
             The game lasted 00:26:12 (10709 turns).

horus123 the Demonic Disaster (DsEE)               Turns: 10709, Time: 00:26:12

Health: -4/71      AC: 10    Str:  9    XL:     10   Next: 84%
Magic:  12/20      EV: 12    Int: 18    God:    Qazlal [**....]
Gold:   592        SH: 12    Dex: 15    Spells: 11/23 levels left

rFire   . . .        H - +2 scimitar
rCold   . . .        (no shield)
rNeg    + . .        C - +0 steam dragon scales
rPois   .            (no helmet)
rElec   .            h - +0 cloak
rCorr   .            v - +0 pair of gloves
SInv    .            B - +0 pair of boots
Will    +....        J - amulet of reflection
Stlth   ++           l - ring of positive energy
HPRegen 0.31/turn    (no ring)
MPRegen 0.17/turn

%: reflection
@: no status effects
A: sharp scales 2, weakness stinger 1, large bone plates 1, strong-willed 1
a: Renounce Religion, Upheaval


You were on level 10 of the Dungeon.
You worshipped Qazlal.
Qazlal was pleased with you.
You visited 2 branches of the dungeon, and saw 11 of its levels.

You collected 592 gold pieces.

Inventory:

Hand Weapons
 w - a +0 long sword
 G - a +0 great sword
 H - a +2 scimitar (weapon)
Armour
 a - a +0 robe
 h - a +0 cloak (worn)
 r - a +0 leather armour
 v - a +0 pair of gloves (worn)
 B - a +0 pair of boots (worn)
 C - +0 steam dragon scales (worn)
Magical Staves
 E - a staff of conjuration
Jewellery
 l - a ring of positive energy (left hand)
 J - an amulet of reflection (around neck)
Wands
 D - a wand of mindburst (14)
 F - a wand of polymorph (8)
Scrolls
 c - 2 scrolls of fear
 d - 3 scrolls of vulnerability
 e - 3 scrolls of blinking
 f - 6 scrolls of teleportation
 g - a scroll of enchant armour {unknown}
 i - 2 scrolls of immolation {unknown}
 m - 2 scrolls of noise
 p - 2 scrolls of torment {unknown}
 s - a scroll of fog {unknown}
 x - 3 scrolls of revelation
 y - a scroll of enchant weapon {unknown}
 K - a scroll of acquirement {unknown}
Potions
 b - 2 potions of magic
 j - 4 potions of resistance
 k - 3 potions of attraction
 n - 2 potions of brilliance
 o - 2 potions of curing {unknown}
 q - a potion of mutation
 t - a potion of berserk rage {unknown}
 u - a potion of enlightenment {unknown}
 z - a potion of lignification
 A - a potion of cancellation {unknown}
 I - 3 potions of degeneration {unknown}


   Skills:
 - Level 4.0 Fighting
 - Level 5.0 Long Blades
 - Level 1.7 Dodging
 - Level 1.7 Stealth
 - Level 7.0 Spellcasting
 - Level 6.0 Conjurations
 - Level 8.0 Earth Magic
 + Level 11.3 Invocations


You had 11 spell levels left.
You knew the following spells:

 Your Spells              Type           Power      Damage    Failure   Level
a - Sandblast             Erth           70%        2d15      1%          1
b - Stone Arrow           Conj/Erth      62%        3d10      1%          3
c - Brom's Barrelling Bo  Conj/Erth      31%        2d5       6%          4
d - Petrify               Alch/Erth      20%        N/A       21%         4

Your spell library contained the following spells:

 Spells                   Type           Power      Damage    Failure   Level
 Passwall                 Erth           35%        N/A       1%          3
 Call Imp                 Summ           12%        N/A       16%         2
 Sublimation of Blood     Necr           6%         N/A       16%         2
 Ozocubu's Armour         Ice            6%         N/A       32%         3
 Animate Dead             Necr           6%         N/A       71%         4
 Metabolic Englaciation   Hex/Ice        3%         N/A       96%         5
 Sculpt Simulacrum        Ice/Alch       3%         N/A       100%        6
 Haunt                    Necr/Summ      3%         N/A       100%        7
 Summon Hydra             Summ           3%         N/A       100%        7
 Infestation              Necr           3%         N/A       100%        8


Dungeon Overview and Level Annotations

Branches:
Dungeon (10/15)            Temple (1/1) D:5            Lair (0/5) D:10
    Orc: D:9-12

Altars:
Ashenzari
Cheibriados
Dithmenos
Fedhas
Gozag
Hepliaklqana
Kikubaaqudgha
Makhleb
Nemelex Xobeh
Okawaru
Qazlal
Ru
Trog
Uskayaw
Vehumet
Wu Jian
Xom
Yredelemnul

Shops:
D:1 !   D:3 !

Annotations:
D:6 3 runed translucent doors, Vaamat's ghost, novice OpSh


Innate Abilities, Weirdness & Mutations

You are mostly covered in razor-sharp scales. (AC +2, Slay +2)
You have a small tail.
You are partially covered in large bone plates. (SH +4)
You are strong-willed. (Will+)


Message History

Your Invocations skill increases to level 11!
The yak attacks as it pursues you! The yak closely misses you.
You block the yak's attack.
You barely miss the yak. You block the yak's attack. The yak gores you!
You slash the yak!
The yak is moderately wounded.
The yak gores you!
You hit the yak. You tail-slap the yak.
The yak is moderately wounded.
The yak gores you!
* * * LOW HITPOINT WARNING * * *
You slash the yak!
The yak is severely wounded.
The yak gores you.
* * * LOW HITPOINT WARNING * * *
Aiming: Sandblast (safe; 1% risk of failure)
Press: ? - help, Q - select action, (/) - cycle Shift-Dir - straight line, f - yak
Aim: a yak (severely wounded, 90% to hit)
The blast of sand hits the yak!
You kill the yak!
Qazlal accepts your kill. You block the yak's attack.
Casting: Sandblast (safe; 1% risk of failure)
Confirm with . or Enter, or press ? or * to list all spells.
Aiming: Stone Arrow (safe; 1% risk of failure)
Press: ? - help, Shift-Dir - straight line, f - yak
Aim: a yak (84% to hit)
The stone arrow hits the yak!!
The yak is severely wounded.
The yak gores you!
* * * LOW HITPOINT WARNING * * *
Okay, then.
Aiming: Sandblast (safe; 1% risk of failure)
Press: ? - help, Q - select action, (/) - cycle Shift-Dir - straight line, f/p - yak
Aim: a yak (severely wounded, 90% to hit)
The blast of sand hits the yak!
You kill the yak!
Qazlal accepts your kill. The yak gores you!
You die...

.+ #........# .#
#....(...# .# #........#
.# #........# .#
#........# .# #........#
.########........#
.................#
..#####.#'######@# ..#
#.#......#Y####+#.# ..#
#.#......#...†....# ..#
#.#......#........# ..#
#.#......#........# ..#
#.#......#........# ..#
#.#......#..........
..#####.########..........
........ ...######..


You could see a yak.

Vanquished Creatures
  A two-headed ogre (D:8)
  The ghost of Biggs the Martial Artist, a novice OpFi of Wu Jian (D:8)
  A cyclops (D:9)
  The ghost of Charlie33ad the Slasher, an amateur MiBe of Trog (D:5)
  Grinder (D:5)
  A slime creature (D:7)
  10 yaks
  A wyvern (D:9)
  2 steam dragons
  An acid dragon (D:9)
  3 orc warriors
  3 centaurs
  A kobold brigand (D:7)
  A phantom (D:6)
  2 bullfrogs
  4 scorpions
  13 wights
  7 killer bees
  An electric eel (D:7)
  A bullfrog zombie (D:7)
  2 bombardier beetles
  A centaur zombie (D:7)
  2 jellies
  4 hounds
  2 gnoll boudas
  3 orc priests
  6 iguanas
  5 orc wizards
  A killer bee zombie (D:7)
  14 gnolls
  7 adders
  A shadow imp (D:7)
  3 white imps
  A ribbon worm (D:2)
  4 dart slugs
  27 orcs
  5 endoplasms
  2 giant cockroaches
  7 goblins
  2 hobgoblins
  8 jackals
  4 quokkas
  8 ball pythons
  4 bats
  A frilled lizard (D:3)
  17 kobolds
  6 rats
203 creatures vanquished.

Vanquished Creatures (others)
  The ghost of tempest the Gusty, an amateur TeAE of Hepliaklqana (D:3)
1 creature vanquished.

Grand Total: 204 creatures vanquished

Notes
Turn   | Place    | Note
-------+----------+-------------------------------------------
     0 | D:1      | horus123 the Demonspawn Earth Elementalist began the quest
                  | for the Orb.
     0 | D:1      | Reached XP level 1. HP: 13/13 MP: 3/3
   316 | D:1      | Gained mutation: You are partially covered in razor-sharp
                  | scales. (AC +1, Slay +1) [demonic ancestry]
   316 | D:1      | Reached XP level 2. HP: 19/19 MP: 1/5
   766 | D:1      | Gained mutation: You are mostly covered in razor-sharp
                  | scales. (AC +2, Slay +2) [demonic ancestry]
   766 | D:1      | Reached XP level 3. HP: 24/24 MP: 5/7
   947 | D:1      | Found Ynasevvupn's Distillery.
  1284 | D:2      | Learned a level 3 spell: Stone Arrow
  2308 | D:3      | Found Kimanamp's Distillery.
  2367 | D:3      | Reached XP level 4. HP: 30/30 MP: 8/10
  2874 | D:3      | Found a runed translucent gate.
  2874 | D:3      | Found a runed translucent gate.
  2875 | D:3      | Found a runed translucent gate.
  2884 | D:3      | Noticed tempest's ghost (amateur TeAE)
  3113 | D:3      | Killed tempest's ghost
  3114 | D:3      | Reached XP level 5. HP: 8/35 MP: 5/11
  3755 | D:4      | Reached skill level 5 in Earth Magic
  3755 | D:4      | Gained mutation: You have a small tail. [demonic ancestry]
  3755 | D:4      | Reached XP level 6. HP: 41/41 MP: 9/12
  4216 | D:5      | Entered Level 5 of the Dungeon
  4381 | D:5      | Found a staircase to the Ecumenical Temple.
  4407 | Temple   | Entered the Ecumenical Temple
  4496 | Temple   | Became a worshipper of Qazlal Stormbringer
  4548 | D:5      | Found a transporter.
  4549 | D:5      | Noticed Charlie33ad's ghost (amateur MiBe)
  4580 | D:5      | Found a hide-covered altar of Uskayaw.
  4587 | D:5      | Found a basalt altar of Yredelemnul.
  4850 | D:5      | Found a transporter.
  4890 | D:5      | Reached XP level 7. HP: 46/46 MP: 13/13
  5021 | D:5      | Noticed Grinder
  5036 | D:5      | Killed Grinder
  5568 | D:6      | Found an opulent altar of Gozag.
  5776 | D:6      | Noticed a steam dragon
  5783 | D:6      | Killed a steam dragon
  5784 | D:6      | Reached skill level 5 in Spellcasting
  5784 | D:6      | Reached XP level 8. HP: 32/52 MP: 9/15
  5984 | D:6      | Found a runed translucent gate.
  5985 | D:6      | Found a runed translucent gate.
  5985 | D:6      | Noticed a kobold demonologist
  5987 | D:6      | Found a runed translucent gate.
  5988 | D:6      | Noticed Vaamat's ghost (novice OpSh)
  6565 | D:7      | Reached * piety under Qazlal
  6568 | D:7      | Reached skill level 1 in Fighting
  6743 | D:7      | HP: 1/85 [killer bee (5)]
  6746 | D:7      | Gained mutation: You are strong-willed. (Will+) [potion of
                  | mutation]
  6746 | D:7      | Gained mutation: You are partially covered in large bone
                  | plates. (SH +4) [potion of mutation]
  6755 | D:7      | Reached XP level 9. HP: 10/65 MP: 9/19
  7147 | D:7      | Reached skill level 1 in Long Blades
  7960 | D:8      | Found a transporter.
  7987 | D:8      | Noticed a two-headed ogre
  7993 | D:8      | Killed a two-headed ogre
  7994 | D:8      | Reached skill level 5 in Long Blades
  8219 | D:8      | Reached ** piety under Qazlal
  8220 | D:8      | Reached skill level 5 in Conjurations
  8225 | D:8      | Learned a level 4 spell: Brom's Barrelling Boulder
  8348 | D:8      | Found a transporter.
  8349 | D:8      | Identified the ring of Iplu {rN+ Int+6}
  8356 | D:8      | Identified the +0 ring mail of Fezakari {rElec rCorr Str+3}
  8775 | D:9      | Noticed a cyclops
  8790 | D:9      | Killed a cyclops
  8791 | D:9      | Reached skill level 3 in Invocations
  8791 | D:9      | Reached XP level 10. HP: 57/71 MP: 1/20
  8960 | D:9      | Reached skill level 4 in Invocations
  9139 | D:9      | Reached skill level 5 in Invocations
  9330 | D:9      | Reached skill level 6 in Invocations
  9343 | D:9      | Reached skill level 7 in Invocations
  9463 | D:9      | Reached skill level 8 in Invocations
  9812 | D:9      | Found an iron altar of Okawaru.
  9956 | D:5      | Killed Charlie33ad's ghost
  9957 | D:5      | Reached skill level 9 in Invocations
 10073 | D:8      | Noticed Biggs's ghost (novice OpFi)
 10078 | D:8      | Killed Biggs's ghost
 10079 | D:8      | Reached skill level 10 in Invocations
 10456 | D:9      | Learned a level 4 spell: Petrify
 10487 | D:10     | Entered Level 10 of the Dungeon
 10506 | D:10     | Found a staircase to the Lair.
 10581 | D:10     | Found a shimmering altar of Xom.
 10698 | D:10     | Reached skill level 11 in Invocations
 10709 | D:10     | Slain by a yak

Illustrated notes

Levels and vault maps discovered:
D:1:      scummos_arrival_forest, layout_basic, serial_shops, shop_fountains,
          minmay_misc_feat_ornament, minmay_misc_feat_four_crosses
D:2:      layout_basic, minmay_misc_feat_columns
D:3:      layout_loops_ring, ebering_ghost_rock_garden, serial_shops, shop,
          skrybe_limestone_x, st_stairs_3
D:4:      layout_basic
D:5:      layout_basic, mainiacjoe_overflow_catch_the_wave,
          minmay_temple_entry_antechambers, gammafunk_ghost_arena,
          abandoned_shop, uniq_grinder
D:6:      layout_basic, mainiacjoe_overflow_concentric_impassable,
          gammafunk_ghost_nasty_kobolds, serial_park_tiny_2
D:7:      layout_gridville, serial_undead, serial_undead_b, serial_undead_f,
          serial_undead_e, serial_undead_f, serial_undead_f, serial_undead_b,
          minmay_microvault
D:8:      layout_basic, gammafunk_ghost_gnarly_gnolls
D:9:      layout_roguey, okawaru_altar_gauntlet_db
D:10:     layout_irregular_city, mainiacjoe_overflow_six_doors_small,
          xom_butterflies, lair_entry_dummy, nicolae_elevator_lobby_plus
Temple:   nicolae_temple_x_marks_the_god

Skill      XL: |  1  2  3  4  5  6  7  8  9 10 |
---------------+-------------------------------+-----
Spellcasting   | 3 4 5 7 |  7.0
Earth Magic    | 4 5 6 8 |  8.0
Fighting       | 4 |  4.0
Long Blades    | 5 |  5.0
Conjurations   | 6 |  6.0
Invocations    | 3 11 | 11.3
Dodging        | |  1.7
Stealth        | |  1.7

Action                     |  1- 3 |  4- 6 |  7- 9 | 10-12 || total
---------------------------+-------+-------+-------+-------++-------
  Melee: Short sword       |     3 |       |       |       ||     3
         Dagger            |    15 |     5 |     2 |       ||    22
         Punch             |     1 |       |       |     2 ||     3
         Tailslap          |       |     1 |     1 |     7 ||     9
         Scimitar          |       |       |     4 |    53 ||    57
         Long sword        |       |       |     4 |       ||     4
   Cast: Sandblast         |    73 |    76 |   176 |    57 ||   382
         Stone Arrow       |       |       |    12 |    12 ||    24
 Invoke: Upheaval          |       |       |       |     1 ||     1
    Use: Scroll            |       |     3 |     5 |     1 ||     9
         Potion            |       |       |     5 |     2 ||     7
 Armour: Robe              |    42 |    33 |    24 |       ||    99
         Skin              |       |       |    44 |       ||    44
         Steam dragon scal |       |       |    79 |    78 ||   157
  Dodge: Dodged            |    51 |    37 |    80 |    69 ||   237
  Block: Other             |       |       |    16 |    39 ||    55

Table legend: (Time is in decaauts)
 A = Elapsed time spent in this place.
 B = Non-inter-level travel time spent in this place.
 C = Inter-level travel time spent in this place.
 D = Time resting spent in this place.
 E = Time spent auto-exploring this place.
 F = Levels seen in this place.
 G = Mean time per level.
                   A        B        C        D        E       F      G
               +--------+--------+--------+--------+--------+-----+--------+
         Total |  10912 |  10300 |    612 |   1077 |   7669 |  11 |  992.0 |
       Dungeon |  10801 |  10189 |    612 |   1077 |   7669 |  10 | 1080.1 |
        Temple |    110 |    110 |      0 |      0 |      0 |   1 |  110.0 |
               +--------+--------+--------+--------+--------+-----+--------+

Top non-repeatable levels by time:
     D:7: 1498 daAuts
     D:8: 1485 daAuts
     D:1: 1299 daAuts
     D:5: 1246 daAuts
     D:9: 1159 daAuts
     D:2: 1038 daAuts
     D:4: 988 daAuts
     D:3: 956 daAuts
     D:6: 905 daAuts
    D:10: 225 daAuts
  Temple: 110 daAuts
